AoeStats
← adnanca

Arena

510113777Analyzed
2v2 RM · 2d ago on Sep 29, 2026· 39m 42s· 4 players
Game mode
Random Map
Map size
Medium (4 player)
Population
200
Speed
Normal
Resources
Standard
Victory
Conquest
Starting age
Dark Age
Ending age
Imperial Age
RankedLock teamsTeams togetherTeam positionsShared explorationLock speedFull tech treeHidden civsTurbo modeCheats
Victory
Defeat
🇮🇳 Jurchens · India
1208
+13
🇮🇳 Portuguese · India
1172
+15
🇹🇷 Cumans · Türkiye
1161
-15
🇮🇳 Burmese · India
1125
-13
Kimster213
0:27 Loom
11:21 Feudal Age
15:26 Castle Age
14:10 Horse Collar
15:45 Town Watch
29:04 Heavy Plow
30:32 Bloodlines
32:41 Manipur Cavalry
34:23 Scale Barding Armor
34:09 Fletching
34:31 Forging
34:10 Light Cavalry
35:12 Masonry
35:44 Chain Barding Armor
39:58 Iron Casting
adnanca
9:33 Feudal Age
10:39 Double-Bit Axe
10:35 Horse Collar
11:48 Loom
18:07 Wheelbarrow
21:41 Castle Age
20:28 Forging
20:13 Man-at-Arms
21:30 Gold Mining
26:47 Long Swordsman
34:49 Hand Cart
ANGELSK3956
10:04 Feudal Age
13:58 Castle Age
12:20 Double-Bit Axe
14:35 Scale Mail Armor
14:56 Loom
16:27 Squires
22:15 Forging
22:47 Town Watch
26:09 Double-Bit Axe
26:06 Horse Collar
29:22 Bow Saw
31:34 Wheelbarrow
33:54 Heavy Plow
34:08 Gold Mining
38:47 Imperial Age
36:22 Stone Mining
37:09 Gold Shaft Mining
37:40 Hand Cart
38:47 Iron Casting
39:08 Gambesons
41:18 Chemistry
Sythe
10:24 Feudal Age
14:27 Castle Age
12:46 Double-Bit Axe
12:52 Horse Collar
14:54 Wheelbarrow
15:39 Bow Saw
15:44 Heavy Plow
28:41 Imperial Age
26:44 Loom
26:59 Arson
27:00 Treadmill Crane
27:40 Ballistics
27:13 Fletching
27:23 Padded Archer Armor
29:01 Hand Cart
29:20 Thumb Ring
28:40 Crossbowman
31:06 Chemistry
29:59 Arbalester
31:13 Bodkin Arrow
33:08 Siege Engineers
33:10 Husbandry
33:21 Bloodlines
32:31 Light Cavalry
35:38 Bracer
35:53 Leather Archer Armor
35:49 Cavalier
38:31 Two-Man Saw
38:38 Crop Rotation
Connection lost

Rejoining the realm…

Still unreachable

The connection could not be restored.

Session expired

The server has moved on; the page needs a fresh start.